Workbook

Sheet Instrumento de Coleta
B2: Ciclo do Planejamento Estratégico do Sesc 2022-2026
B4: Coleta de Resultados
B6: * Os campos em cinza são de preenchimento automático
B7: Objetivo Estratégico | C7: Indicador | D7: Fórmula | E7: Meta Retif. Nacional | F7: Meta DR | G7: Resultado Acumulado | H7: Variáveis | I7: Janeiro | J7: Fevereiro | K7: Março | L7: Abril | M7: Maio | N7: Junho | O7: Julho | P7: Agosto | Q7: Setembro | R7: Outubro | S7: Novembro | T7: Dezembro
B9: Assegurar o equilíbrio econômico financeiro da Instituição | C9: Índice de comprometimento da receita corrente (ICRR) | D9: (Despesas Correntes / Receitas Correntes) * 100 | E9: 0.858 | F9: 0.915 | G9: =IFERROR(SUM(I9:T9)/SUM(I10:T10),"-") -> 0.59414562 | H9: Despesas Correntes | I9: 16422174 | J9: 20809735 | K9: 19664872 | L9: 20553850 | M9: 22717857 | N9: 20296979 | O9: 23819381 | P9: 23410089 | Q9: 25763114 | R9: 23377064 | S9: 24548218 | T9: 24625355
H10: Receitas Correntes | I10: 27501107 | J10: 27763166 | K10: 29508181 | L10: 30275455 | M10: 95227725 | N10: 29917736 | O10: 30508123 | P10: 32858575 | Q10: 33902703 | R10: 32802154 | S10: 31431308 | T10: 46020082
H11: % | I11: =IFERROR(I9/I10,"-") -> 0.59714594 | J11: =IFERROR(J9/J10,"-") -> 0.74954472 | K11: =IFERROR(K9/K10,"-") -> 0.66642101 | L11: =IFERROR(L9/L10,"-") -> 0.67889484 | M11: =IFERROR(M9/M10,"-") -> 0.23856347 | N11: =IFERROR(N9/N10,"-") -> 0.6784263 | O11: =IFERROR(O9/O10,"-") -> 0.78075536 | P11: =IFERROR(P9/P10,"-") -> 0.71244993 | ... T11: =IFERROR(T9/T10,"-") -> 0.5351002
B13: Proporcionar ambiente de valorização das pessoas | C13: Índice de Demissões Voluntárias (IDV) | D13: (Demissões voluntárias / Total de empregados no período de referência) * 100 | E13: 0.053 | F13: 0.12 | G13: =IFERROR(SUM(I13:T13)/INDEX(I14:T14,1,MATCH("-",I14:T14,0)-1),SUM(I13:T13)/T14) -> 0.18504213 | H13: Demissões voluntárias | I13: 32 | J13: 81 | K13: 62 | L13: 45 | M13: 45 | N13: 39 | O13: 53 | P13: 41 | Q13: 36 | R13: 28 | S13: 29 | T13: 36
H14: Total de empregados no período de referência | I14: 2471 | J14: 2600 | K14: 2648 | L14: 2682 | M14: 2663 | N14: 2681 | O14: 2702 | P14: 2759 | Q14: 2775 | R14: 2803 | S14: 2813 | T14: 2848
H15: % | I15: =IFERROR(I13/I14,"-") -> 0.012950223 | J15: =IFERROR(J13/J14,"-") -> 0.031153846 | K15: =IFERROR(K13/K14,"-") -> 0.023413897 | L15: =IFERROR(L13/L14,"-") -> 0.016778523 | M15: =IFERROR(M13/M14,"-") -> 0.016898235 | N15: =IFERROR(N13/N14,"-") -> 0.014546811 | O15: =IFERROR(O13/O14,"-") -> 0.0196151 | P15: =IFERROR(P13/P14,"-") -> 0.014860457 | ... T15: =IFERROR(T13/T14,"-") -> 0.012640449
B16: Promover ações de desenvolvimento | C16: Índice de Empregados Treinados (IET) | D16: (Nº de empregados que participaram das ações de desenvolvimento / Nº total de empregados) * 100 | E16: 0.669 | F16: 0.58 | G16: =IFERROR(SUM(I16:T16)/INDEX(I17:T17,1,MATCH("-",I17:T17,0)-1),SUM(I16:T16)/T17) -> 0.95646067 | H16: Nº de empregados que participaram das ações de desenvolvimento | I16: 33 | J16: 672 | K16: 129 | L16: 637 | M16: 448 | N16: 135 | O16: 181 | P16: 109 | Q16: 115 | R16: 118 | S16: 74 | T16: 73
H17: Nº total de empregados | I17: =I14 -> 2471 | J17: =J14 -> 2600 | K17: =K14 -> 2648 | L17: =L14 -> 2682 | M17: =M14 -> 2663 | N17: =N14 -> 2681 | O17: =O14 -> 2702 | P17: =P14 -> 2759 | ... T17: =T14 -> 2848
H18: % | I18: =IFERROR(I16/I17,"-") -> 0.013354917 | J18: =IFERROR(J16/J17,"-") -> 0.25846154 | K18: =IFERROR(K16/K17,"-") -> 0.048716012 | L18: =IFERROR(L16/L17,"-") -> 0.23750932 | M18: =IFERROR(M16/M17,"-") -> 0.16823132 | N18: =IFERROR(N16/N17,"-") -> 0.050354345 | O18: =IFERROR(O16/O17,"-") -> 0.066987417 | P18: =IFERROR(P16/P17,"-") -> 0.039507068 | ... T18: =IFERROR(T16/T17,"-") -> 0.025632022
B19: Assegurar a funcionalidade da infraestrutura para o desenvolvimento das ações | C19: Índice de Investimentos Realizados em Infraestrutura (IIRI) | D19: (Despesas de capital / Receitas Correntes) * 100 | E19: 0.208 | F19: 0.09 | G19: =IFERROR(SUM(I19:T19)/SUM(I20:T20),"-") -> 0.055790577 | H19: Despesas de Capital | I19: 1637844.6 | J19: 1050143.4 | K19: 2925301.1 | L19: 1483830.2 | M19: 1254397.5 | N19: 2226344.5 | O19: 1811364.4 | P19: 1229061 | Q19: 1174569.6 | R19: 3187578.3 | S19: 2744100.1 | T19: 4253817
H20: Receitas Correntes | I20: =IF(I10=0,"-",I10) -> 27501107 | J20: =IF(J10=0,"-",J10) -> 27763166 | K20: =IF(K10=0,"-",K10) -> 29508181 | L20: =IF(L10=0,"-",L10) -> 30275455 | M20: =IF(M10=0,"-",M10) -> 95227725 | N20: =IF(N10=0,"-",N10) -> 29917736 | O20: =IF(O10=0,"-",O10) -> 30508123 | P20: =IF(P10=0,"-",P10) -> 32858575 | ... T20: =IF(T10=0,"-",T10) -> 46020082
H21: % | I21: =IFERROR(I19/I20,"-") -> 0.059555587 | J21: =IFERROR(J19/J20,"-") -> 0.03782506 | K21: =IFERROR(K19/K20,"-") -> 0.099135258 | L21: =IFERROR(L19/L20,"-") -> 0.049010995 | M21: =IFERROR(M19/M20,"-") -> 0.013172608 | N21: =IFERROR(N19/N20,"-") -> 0.07441554 | O21: =IFERROR(O19/O20,"-") -> 0.059373183 | P21: =IFERROR(P19/P20,"-") -> 0.037404573 | ... T21: =IFERROR(T19/T20,"-") -> 0.092433928
C22: Índice de Recursos Financeiros Alocados em Manutenção (IRFM) | D22: (Despesas correntes de manutenção / Receitas Correntes) * 100 | E22: 0.104 | F22: 0.026 | G22: =IFERROR(SUM(I22:T22)/SUM(I23:T23),"-") -> 0.1411401 | H22: Despesas correntes de manutenção | I22: 4684629.7 | J22: 4827560.3 | K22: 4462075.4 | L22: 4675432.1 | M22: 8516162.2 | N22: 4475055.5 | O22: 4586929.5 | P22: 5178295.2 | Q22: 4830044 | R22: 5177571.7 | S22: 5711215.5 | T22: 6065752.6
H23: Receitas Correntes | I23: =IF(I10=0,"-",I10) -> 27501107 | J23: =IF(J10=0,"-",J10) -> 27763166 | K23: =IF(K10=0,"-",K10) -> 29508181 | L23: =IF(L10=0,"-",L10) -> 30275455 | M23: =IF(M10=0,"-",M10) -> 95227725 | N23: =IF(N10=0,"-",N10) -> 29917736 | O23: =IF(O10=0,"-",O10) -> 30508123 | P23: =IF(P10=0,"-",P10) -> 32858575 | ... T23: =IF(T10=0,"-",T10) -> 46020082
H24: % | I24: =IFERROR(I22/I23,"-") -> 0.17034332 | J24: =IFERROR(J22/J23,"-") -> 0.17388363 | K24: =IFERROR(K22/K23,"-") -> 0.15121486 | L24: =IFERROR(L22/L23,"-") -> 0.15442979 | M24: =IFERROR(M22/M23,"-") -> 0.089429442 | N24: =IFERROR(N22/N23,"-") -> 0.14957868 | O24: =IFERROR(O22/O23,"-") -> 0.15035109 | P24: =IFERROR(P22/P23,"-") -> 0.15759342 | ... T24: =IFERROR(T22/T23,"-") -> 0.13180664
B25: Aprimorar soluções de tecnologia da informação e comunicação (TIC) | C25: Índice de Recursos Financeiros Alocados em Tecnologia da Informação e Comunicação (IRFT) | D25: (Despesas com TIC / Receitas correntes) * 100 | E25: 0.02 | F25: 0.015 | G25: =IFERROR(SUM(I25:T25)/SUM(I26:T26),"-") -> 0.010833284 | H25: Despesas com TIC | I25: 179893.69 | J25: 200074.31 | K25: 410342.02 | L25: 155290.32 | M25: 131483.31 | N25: 180741.95 | O25: 504529 | P25: 254540.04 | Q25: 2267639.6 | R25: 30170.74 | S25: 280858.85 | T25: 254674.07
H26: Receitas correntes | I26: =IF(I10=0,"-",I10) -> 27501107 | J26: =IF(J10=0,"-",J10) -> 27763166 | K26: =IF(K10=0,"-",K10) -> 29508181 | L26: =IF(L10=0,"-",L10) -> 30275455 | M26: =IF(M10=0,"-",M10) -> 95227725 | N26: =IF(N10=0,"-",N10) -> 29917736 | O26: =IF(O10=0,"-",O10) -> 30508123 | P26: =IF(P10=0,"-",P10) -> 32858575 | ... T26: =IF(T10=0,"-",T10) -> 46020082
H27: % | I27: =IFERROR(I25/I26,"-") -> 0.0065413255 | J27: =IFERROR(J25/J26,"-") -> 0.0072064659 | K27: =IFERROR(K25/K26,"-") -> 0.013906043 | L27: =IFERROR(L25/L26,"-") -> 0.005129248 | M27: =IFERROR(M25/M26,"-") -> 0.0013807251 | N27: =IFERROR(N25/N26,"-") -> 0.0060412977 | O27: =IFERROR(O25/O26,"-") -> 0.01653753 | P27: =IFERROR(P25/P26,"-") -> 0.0077465332 | ... T27: =IFERROR(T25/T26,"-") -> 0.0055339768
B29: Articular e fortalecer projetos em rede | C29: Índice de Ações em Rede Implementadas (IARI) | D29: (Ações em rede realizadas / Ações em redes planejadas) * 100 | E29: 0.797 | F29: 1 | G29: =IFERROR(SUM(I29:T29)/SUM(I30:T30),"-") -> 1 | H29: Ações em rede realizadas | I29: 3 | J29: 3 | K29: 4 | L29: 2 | M29: 4 | N29: 4 | O29: 0 | P29: 2 | Q29: 4 | R29: 1 | S29: 1 | T29: 1
H30: Ações em redes planejadas | I30: 3 | J30: 3 | K30: 4 | L30: 2 | M30: 4 | N30: 4 | O30: 0 | P30: 2 | Q30: 4 | R30: 1 | S30: 1 | T30: 1
H31: % | I31: =IFERROR(I29/I30,"-") -> 1 | J31: =IFERROR(J29/J30,"-") -> 1 | K31: =IFERROR(K29/K30,"-") -> 1 | L31: =IFERROR(L29/L30,"-") -> 1 | M31: =IFERROR(M29/M30,"-") -> 1 | N31: =IFERROR(N29/N30,"-") -> 1 | O31: =IFERROR(O29/O30,"-") -> - | P31: =IFERROR(P29/P30,"-") -> 1 | ... T31: =IFERROR(T29/T30,"-") -> 1
B32: Fortalecer o reconhecimento do Sesc | C32: Índice de Reconhecimento do Sesc pelos Clientes e Sociedade como Instituição Social de relevância (IRS) | D32: (Total de respostas bom e ótimo / Total de respostas) * 100 | E32: % | G32: Bianual | H32: Total de respostas bom e ótimo | I32: - | J32: - | K32: - | L32: - | M32: - | N32: - | O32: - | P32: - | Q32: - | R32: - | S32: - | T32: -
H33: Total de respostas | I33: - | J33: - | K33: - | L33: - | M33: - | N33: - | O33: - | P33: - | Q33: - | R33: - | S33: - | T33: -
H34: % | I34: - | J34: - | K34: - | L34: - | M34: - | N34: - | O34: - | P34: - | Q34: - | R34: - | S34: - | T34: -

Sheet Base
A1: CHAVE | B1: COD_DP | C1: COD_VAR | D1: ANO | E1: Mês | F1: RESULTADO | J1: Selecione o Departamento Regional
A2: =B2&"-"&C2&"-"&D2&"-"&E2 -> 17-1-2022-1 | B2: =IFERROR(VLOOKUP($J$2,Aux!A:B,2,FALSE),"-") -> 17 | C2: 1 | D2: 2022 | E2: 1 | F2: ='Instrumento de Coleta'!$I$9 -> 16422174 | J2: SC
A3: =B3&"-"&C3&"-"&D3&"-"&E3 -> 17-1-2022-2 | B3: =IFERROR(VLOOKUP($J$2,Aux!A:B,2,FALSE),"-") -> 17 | C3: 1 | D3: 2022 | E3: 2 | F3: ='Instrumento de Coleta'!$J$9 -> 20809735
A4: =B4&"-"&C4&"-"&D4&"-"&E4 -> 17-1-2022-3 | B4: =IFERROR(VLOOKUP($J$2,Aux!A:B,2,FALSE),"-") -> 17 | C4: 1 | D4: 2022 | E4: 3 | F4: ='Instrumento de Coleta'!$K$9 -> 19664872
A5: =B5&"-"&C5&"-"&D5&"-"&E5 -> 17-1-2022-4 | B5: =IFERROR(VLOOKUP($J$2,Aux!A:B,2,FALSE),"-") -> 17 | C5: 1 | D5: 2022 | E5: 4 | F5: ='Instrumento de Coleta'!$L$9 -> 20553850
A6: =B6&"-"&C6&"-"&D6&"-"&E6 -> 17-1-2022-5 | B6: =IFERROR(VLOOKUP($J$2,Aux!A:B,2,FALSE),"-") -> 17 | C6: 1 | D6: 2022 | E6: 5 | F6: ='Instrumento de Coleta'!$M$9 -> 22717857
A7: =B7&"-"&C7&"-"&D7&"-"&E7 -> 17-1-2022-6 | B7: =IFERROR(VLOOKUP($J$2,Aux!A:B,2,FALSE),"-") -> 17 | C7: 1 | D7: 2022 | E7: 6 | F7: ='Instrumento de Coleta'!$N$9 -> 20296979
A8: =B8&"-"&C8&"-"&D8&"-"&E8 -> 17-1-2022-7 | B8: =IFERROR(VLOOKUP($J$2,Aux!A:B,2,FALSE),"-") -> 17 | C8: 1 | D8: 2022 | E8: 7 | F8: ='Instrumento de Coleta'!$O$9 -> 23819381
A9: =B9&"-"&C9&"-"&D9&"-"&E9 -> 17-1-2022-8 | B9: =IFERROR(VLOOKUP($J$2,Aux!A:B,2,FALSE),"-") -> 17 | C9: 1 | D9: 2022 | E9: 8 | F9: ='Instrumento de Coleta'!$P$9 -> 23410089
A10: =B10&"-"&C10&"-"&D10&"-"&E10 -> 17-1-2022-9 | B10: =IFERROR(VLOOKUP($J$2,Aux!A:B,2,FALSE),"-") -> 17 | C10: 1 | D10: 2022 | E10: 9 | F10: ='Instrumento de Coleta'!$Q$9 -> 25763114
A11: =B11&"-"&C11&"-"&D11&"-"&E11 -> 17-1-2022-10 | B11: =IFERROR(VLOOKUP($J$2,Aux!A:B,2,FALSE),"-") -> 17 | C11: 1 | D11: 2022 | E11: 10 | F11: ='Instrumento de Coleta'!$R$9 -> 23377064
A12: =B12&"-"&C12&"-"&D12&"-"&E12 -> 17-1-2022-11 | B12: =IFERROR(VLOOKUP($J$2,Aux!A:B,2,FALSE),"-") -> 17 | C12: 1 | D12: 2022 | E12: 11 | F12: ='Instrumento de Coleta'!$S$9 -> 24548218
A13: =B13&"-"&C13&"-"&D13&"-"&E13 -> 17-1-2022-12 | B13: =IFERROR(VLOOKUP($J$2,Aux!A:B,2,FALSE),"-") -> 17 | C13: 1 | D13: 2022 | E13: 12 | F13: ='Instrumento de Coleta'!$T$9 -> 24625355
A14: =B14&"-"&C14&"-"&D14&"-"&E14 -> 17-2-2022-1 | B14: =IFERROR(VLOOKUP($J$2,Aux!A:B,2,FALSE),"-") -> 17 | C14: 2 | D14: 2022 | E14: 1 | F14: ='Instrumento de Coleta'!$I$10 -> 27501107
A15: =B15&"-"&C15&"-"&D15&"-"&E15 -> 17-2-2022-2 | B15: =IFERROR(VLOOKUP($J$2,Aux!A:B,2,FALSE),"-") -> 17 | C15: 2 | D15: 2022 | E15: 2 | F15: ='Instrumento de Coleta'!$J$10 -> 27763166
A16: =B16&"-"&C16&"-"&D16&"-"&E16 -> 17-2-2022-3 | B16: =IFERROR(VLOOKUP($J$2,Aux!A:B,2,FALSE),"-") -> 17 | C16: 2 | D16: 2022 | E16: 3 | F16: ='Instrumento de Coleta'!$K$10 -> 29508181
A17: =B17&"-"&C17&"-"&D17&"-"&E17 -> 17-2-2022-4 | B17: =IFERROR(VLOOKUP($J$2,Aux!A:B,2,FALSE),"-") -> 17 | C17: 2 | D17: 2022 | E17: 4 | F17: ='Instrumento de Coleta'!$L$10 -> 30275455
A18: =B18&"-"&C18&"-"&D18&"-"&E18 -> 17-2-2022-5 | B18: =IFERROR(VLOOKUP($J$2,Aux!A:B,2,FALSE),"-") -> 17 | C18: 2 | D18: 2022 | E18: 5 | F18: ='Instrumento de Coleta'!$M$10 -> 95227725
A19: =B19&"-"&C19&"-"&D19&"-"&E19 -> 17-2-2022-6 | B19: =IFERROR(VLOOKUP($J$2,Aux!A:B,2,FALSE),"-") -> 17 | C19: 2 | D19: 2022 | E19: 6 | F19: ='Instrumento de Coleta'!$N$10 -> 29917736
A20: =B20&"-"&C20&"-"&D20&"-"&E20 -> 17-2-2022-7 | B20: =IFERROR(VLOOKUP($J$2,Aux!A:B,2,FALSE),"-") -> 17 | C20: 2 | D20: 2022 | E20: 7 | F20: ='Instrumento de Coleta'!$O$10 -> 30508123
A21: =B21&"-"&C21&"-"&D21&"-"&E21 -> 17-2-2022-8 | B21: =IFERROR(VLOOKUP($J$2,Aux!A:B,2,FALSE),"-") -> 17 | C21: 2 | D21: 2022 | E21: 8 | F21: ='Instrumento de Coleta'!$P$10 -> 32858575
A22: =B22&"-"&C22&"-"&D22&"-"&E22 -> 17-2-2022-9 | B22: =IFERROR(VLOOKUP($J$2,Aux!A:B,2,FALSE),"-") -> 17 | C22: 2 | D22: 2022 | E22: 9 | F22: ='Instrumento de Coleta'!$Q$10 -> 33902703
A23: =B23&"-"&C23&"-"&D23&"-"&E23 -> 17-2-2022-10 | B23: =IFERROR(VLOOKUP($J$2,Aux!A:B,2,FALSE),"-") -> 17 | C23: 2 | D23: 2022 | E23: 10 | F23: ='Instrumento de Coleta'!$R$10 -> 32802154
A24: =B24&"-"&C24&"-"&D24&"-"&E24 -> 17-2-2022-11 | B24: =IFERROR(VLOOKUP($J$2,Aux!A:B,2,FALSE),"-") -> 17 | C24: 2 | D24: 2022 | E24: 11 | F24: ='Instrumento de Coleta'!$S$10 -> 31431308
A25: =B25&"-"&C25&"-"&D25&"-"&E25 -> 17-2-2022-12 | B25: =IFERROR(VLOOKUP($J$2,Aux!A:B,2,FALSE),"-") -> 17 | C25: 2 | D25: 2022 | E25: 12 | F25: ='Instrumento de Coleta'!$T$10 -> 46020082
A26: =B26&"-"&C26&"-"&D26&"-"&E26 -> 17-3-2022-1 | B26: =IFERROR(VLOOKUP($J$2,Aux!A:B,2,FALSE),"-") -> 17 | C26: 3 | D26: 2022 | E26: 1 | F26: ='Instrumento de Coleta'!$I$13 -> 32
A27: =B27&"-"&C27&"-"&D27&"-"&E27 -> 17-3-2022-2 | B27: =IFERROR(VLOOKUP($J$2,Aux!A:B,2,FALSE),"-") -> 17 | C27: 3 | D27: 2022 | E27: 2 | F27: ='Instrumento de Coleta'!$J$13 -> 81
A28: =B28&"-"&C28&"-"&D28&"-"&E28 -> 17-3-2022-3 | B28: =IFERROR(VLOOKUP($J$2,Aux!A:B,2,FALSE),"-") -> 17 | C28: 3 | D28: 2022 | E28: 3 | F28: ='Instrumento de Coleta'!$K$13 -> 62
A29: =B29&"-"&C29&"-"&D29&"-"&E29 -> 17-3-2022-4 | B29: =IFERROR(VLOOKUP($J$2,Aux!A:B,2,FALSE),"-") -> 17 | C29: 3 | D29: 2022 | E29: 4 | F29: ='Instrumento de Coleta'!$L$13 -> 45
A30: =B30&"-"&C30&"-"&D30&"-"&E30 -> 17-3-2022-5 | B30: =IFERROR(VLOOKUP($J$2,Aux!A:B,2,FALSE),"-") -> 17 | C30: 3 | D30: 2022 | E30: 5 | F30: ='Instrumento de Coleta'!$M$13 -> 45
A31: =B31&"-"&C31&"-"&D31&"-"&E31 -> 17-3-2022-6 | B31: =IFERROR(VLOOKUP($J$2,Aux!A:B,2,FALSE),"-") -> 17 | C31: 3 | D31: 2022 | E31: 6 | F31: ='Instrumento de Coleta'!$N$13 -> 39
A32: =B32&"-"&C32&"-"&D32&"-"&E32 -> 17-3-2022-7 | B32: =IFERROR(VLOOKUP($J$2,Aux!A:B,2,FALSE),"-") -> 17 | C32: 3 | D32: 2022 | E32: 7 | F32: ='Instrumento de Coleta'!$O$13 -> 53
A33: =B33&"-"&C33&"-"&D33&"-"&E33 -> 17-3-2022-8 | B33: =IFERROR(VLOOKUP($J$2,Aux!A:B,2,FALSE),"-") -> 17 | C33: 3 | D33: 2022 | E33: 8 | F33: ='Instrumento de Coleta'!$P$13 -> 41
A34: =B34&"-"&C34&"-"&D34&"-"&E34 -> 17-3-2022-9 | B34: =IFERROR(VLOOKUP($J$2,Aux!A:B,2,FALSE),"-") -> 17 | C34: 3 | D34: 2022 | E34: 9 | F34: ='Instrumento de Coleta'!$Q$13 -> 36
A35: =B35&"-"&C35&"-"&D35&"-"&E35 -> 17-3-2022-10 | B35: =IFERROR(VLOOKUP($J$2,Aux!A:B,2,FALSE),"-") -> 17 | C35: 3 | D35: 2022 | E35: 10 | F35: ='Instrumento de Coleta'!$R$13 -> 28
A36: =B36&"-"&C36&"-"&D36&"-"&E36 -> 17-3-2022-11 | B36: =IFERROR(VLOOKUP($J$2,Aux!A:B,2,FALSE),"-") -> 17 | C36: 3 | D36: 2022 | E36: 11 | F36: ='Instrumento de Coleta'!$S$13 -> 29
A37: =B37&"-"&C37&"-"&D37&"-"&E37 -> 17-3-2022-12 | B37: =IFERROR(VLOOKUP($J$2,Aux!A:B,2,FALSE),"-") -> 17 | C37: 3 | D37: 2022 | E37: 12 | F37: ='Instrumento de Coleta'!$T$13 -> 36
A38: =B38&"-"&C38&"-"&D38&"-"&E38 -> 17-4-2022-1 | B38: =IFERROR(VLOOKUP($J$2,Aux!A:B,2,FALSE),"-") -> 17 | C38: 4 | D38: 2022 | E38: 1 | F38: ='Instrumento de Coleta'!$I$14 -> 2471
A39: =B39&"-"&C39&"-"&D39&"-"&E39 -> 17-4-2022-2 | B39: =IFERROR(VLOOKUP($J$2,Aux!A:B,2,FALSE),"-") -> 17 | C39: 4 | D39: 2022 | E39: 2 | F39: ='Instrumento de Coleta'!$J$14 -> 2600
A40: =B40&"-"&C40&"-"&D40&"-"&E40 -> 17-4-2022-3 | B40: =IFERROR(VLOOKUP($J$2,Aux!A:B,2,FALSE),"-") -> 17 | C40: 4 | D40: 2022 | E40: 3 | F40: ='Instrumento de Coleta'!$K$14 -> 2648
A41: =B41&"-"&C41&"-"&D41&"-"&E41 -> 17-4-2022-4 | B41: =IFERROR(VLOOKUP($J$2,Aux!A:B,2,FALSE),"-") -> 17 | C41: 4 | D41: 2022 | E41: 4 | F41: ='Instrumento de Coleta'!$L$14 -> 2682
A42: =B42&"-"&C42&"-"&D42&"-"&E42 -> 17-4-2022-5 | B42: =IFERROR(VLOOKUP($J$2,Aux!A:B,2,FALSE),"-") -> 17 | C42: 4 | D42: 2022 | E42: 5 | F42: ='Instrumento de Coleta'!$M$14 -> 2663
A43: =B43&"-"&C43&"-"&D43&"-"&E43 -> 17-4-2022-6 | B43: =IFERROR(VLOOKUP($J$2,Aux!A:B,2,FALSE),"-") -> 17 | C43: 4 | D43: 2022 | E43: 6 | F43: ='Instrumento de Coleta'!$N$14 -> 2681
A44: =B44&"-"&C44&"-"&D44&"-"&E44 -> 17-4-2022-7 | B44: =IFERROR(VLOOKUP($J$2,Aux!A:B,2,FALSE),"-") -> 17 | C44: 4 | D44: 2022 | E44: 7 | F44: ='Instrumento de Coleta'!$O$14 -> 2702
A45: =B45&"-"&C45&"-"&D45&"-"&E45 -> 17-4-2022-8 | B45: =IFERROR(VLOOKUP($J$2,Aux!A:B,2,FALSE),"-") -> 17 | C45: 4 | D45: 2022 | E45: 8 | F45: ='Instrumento de Coleta'!$P$14 -> 2759
A46: =B46&"-"&C46&"-"&D46&"-"&E46 -> 17-4-2022-9 | B46: =IFERROR(VLOOKUP($J$2,Aux!A:B,2,FALSE),"-") -> 17 | C46: 4 | D46: 2022 | E46: 9 | F46: ='Instrumento de Coleta'!$Q$14 -> 2775
A47: =B47&"-"&C47&"-"&D47&"-"&E47 -> 17-4-2022-10 | B47: =IFERROR(VLOOKUP($J$2,Aux!A:B,2,FALSE),"-") -> 17 | C47: 4 | D47: 2022 | E47: 10 | F47: ='Instrumento de Coleta'!$R$14 -> 2803
A48: =B48&"-"&C48&"-"&D48&"-"&E48 -> 17-4-2022-11 | B48: =IFERROR(VLOOKUP($J$2,Aux!A:B,2,FALSE),"-") -> 17 | C48: 4 | D48: 2022 | E48: 11 | F48: ='Instrumento de Coleta'!$S$14 -> 2813
A49: =B49&"-"&C49&"-"&D49&"-"&E49 -> 17-4-2022-12 | B49: =IFERROR(VLOOKUP($J$2,Aux!A:B,2,FALSE),"-") -> 17 | C49: 4 | D49: 2022 | E49: 12 | F49: ='Instrumento de Coleta'!$T$14 -> 2848
A50: =B50&"-"&C50&"-"&D50&"-"&E50 -> 17-5-2022-1 | B50: =IFERROR(VLOOKUP($J$2,Aux!A:B,2,FALSE),"-") -> 17 | C50: 5 | D50: 2022 | E50: 1 | F50: ='Instrumento de Coleta'!$I$16 -> 33
A51: =B51&"-"&C51&"-"&D51&"-"&E51 -> 17-5-2022-2 | B51: =IFERROR(VLOOKUP($J$2,Aux!A:B,2,FALSE),"-") -> 17 | C51: 5 | D51: 2022 | E51: 2 | F51: ='Instrumento de Coleta'!$J$16 -> 672
A52: =B52&"-"&C52&"-"&D52&"-"&E52 -> 17-5-2022-3 | B52: =IFERROR(VLOOKUP($J$2,Aux!A:B,2,FALSE),"-") -> 17 | C52: 5 | D52: 2022 | E52: 3 | F52: ='Instrumento de Coleta'!$K$16 -> 129
A53: =B53&"-"&C53&"-"&D53&"-"&E53 -> 17-5-2022-4 | B53: =IFERROR(VLOOKUP($J$2,Aux!A:B,2,FALSE),"-") -> 17 | C53: 5 | D53: 2022 | E53: 4 | F53: ='Instrumento de Coleta'!$L$16 -> 637
A54: =B54&"-"&C54&"-"&D54&"-"&E54 -> 17-5-2022-5 | B54: =IFERROR(VLOOKUP($J$2,Aux!A:B,2,FALSE),"-") -> 17 | C54: 5 | D54: 2022 | E54: 5 | F54: ='Instrumento de Coleta'!$M$16 -> 448
A55: =B55&"-"&C55&"-"&D55&"-"&E55 -> 17-5-2022-6 | B55: =IFERROR(VLOOKUP($J$2,Aux!A:B,2,FALSE),"-") -> 17 | C55: 5 | D55: 2022 | E55: 6 | F55: ='Instrumento de Coleta'!$N$16 -> 135
A56: =B56&"-"&C56&"-"&D56&"-"&E56 -> 17-5-2022-7 | B56: =IFERROR(VLOOKUP($J$2,Aux!A:B,2,FALSE),"-") -> 17 | C56: 5 | D56: 2022 | E56: 7 | F56: ='Instrumento de Coleta'!$O$16 -> 181
A57: =B57&"-"&C57&"-"&D57&"-"&E57 -> 17-5-2022-8 | B57: =IFERROR(VLOOKUP($J$2,Aux!A:B,2,FALSE),"-") -> 17 | C57: 5 | D57: 2022 | E57: 8 | F57: ='Instrumento de Coleta'!$P$16 -> 109
A58: =B58&"-"&C58&"-"&D58&"-"&E58 -> 17-5-2022-9 | B58: =IFERROR(VLOOKUP($J$2,Aux!A:B,2,FALSE),"-") -> 17 | C58: 5 | D58: 2022 | E58: 9 | F58: ='Instrumento de Coleta'!$Q$16 -> 115
A59: =B59&"-"&C59&"-"&D59&"-"&E59 -> 17-5-2022-10 | B59: =IFERROR(VLOOKUP($J$2,Aux!A:B,2,FALSE),"-") -> 17 | C59: 5 | D59: 2022 | E59: 10 | F59: ='Instrumento de Coleta'!$R$16 -> 118
A60: =B60&"-"&C60&"-"&D60&"-"&E60 -> 17-5-2022-11 | B60: =IFERROR(VLOOKUP($J$2,Aux!A:B,2,FALSE),"-") -> 17 | C60: 5 | D60: 2022 | E60: 11 | F60: ='Instrumento de Coleta'!$S$16 -> 74
A61: =B61&"-"&C61&"-"&D61&"-"&E61 -> 17-5-2022-12 | B61: =IFERROR(VLOOKUP($J$2,Aux!A:B,2,FALSE),"-") -> 17 | C61: 5 | D61: 2022 | E61: 12 | F61: ='Instrumento de Coleta'!$T$16 -> 73
A62: =B62&"-"&C62&"-"&D62&"-"&E62 -> 17-6-2022-1 | B62: =IFERROR(VLOOKUP($J$2,Aux!A:B,2,FALSE),"-") -> 17 | C62: 6 | D62: 2022 | E62: 1 | F62: ='Instrumento de Coleta'!$I$19 -> 1637844.6
A63: =B63&"-"&C63&"-"&D63&"-"&E63 -> 17-6-2022-2 | B63: =IFERROR(VLOOKUP($J$2,Aux!A:B,2,FALSE),"-") -> 17 | C63: 6 | D63: 2022 | E63: 2 | F63: ='Instrumento de Coleta'!$J$19 -> 1050143.4
A64: =B64&"-"&C64&"-"&D64&"-"&E64 -> 17-6-2022-3 | B64: =IFERROR(VLOOKUP($J$2,Aux!A:B,2,FALSE),"-") -> 17 | C64: 6 | D64: 2022 | E64: 3 | F64: ='Instrumento de Coleta'!$K$19 -> 2925301.1
A65: =B65&"-"&C65&"-"&D65&"-"&E65 -> 17-6-2022-4 | B65: =IFERROR(VLOOKUP($J$2,Aux!A:B,2,FALSE),"-") -> 17 | C65: 6 | D65: 2022 | E65: 4 | F65: ='Instrumento de Coleta'!$L$19 -> 1483830.2
A66: =B66&"-"&C66&"-"&D66&"-"&E66 -> 17-6-2022-5 | B66: =IFERROR(VLOOKUP($J$2,Aux!A:B,2,FALSE),"-") -> 17 | C66: 6 | D66: 2022 | E66: 5 | F66: ='Instrumento de Coleta'!$M$19 -> 1254397.5
A67: =B67&"-"&C67&"-"&D67&"-"&E67 -> 17-6-2022-6 | B67: =IFERROR(VLOOKUP($J$2,Aux!A:B,2,FALSE),"-") -> 17 | C67: 6 | D67: 2022 | E67: 6 | F67: ='Instrumento de Coleta'!$N$19 -> 2226344.5
A68: =B68&"-"&C68&"-"&D68&"-"&E68 -> 17-6-2022-7 | B68: =IFERROR(VLOOKUP($J$2,Aux!A:B,2,FALSE),"-") -> 17 | C68: 6 | D68: 2022 | E68: 7 | F68: ='Instrumento de Coleta'!$O$19 -> 1811364.4
A69: =B69&"-"&C69&"-"&D69&"-"&E69 -> 17-6-2022-8 | B69: =IFERROR(VLOOKUP($J$2,Aux!A:B,2,FALSE),"-") -> 17 | C69: 6 | D69: 2022 | E69: 8 | F69: ='Instrumento de Coleta'!$P$19 -> 1229061
A70: =B70&"-"&C70&"-"&D70&"-"&E70 -> 17-6-2022-9 | B70: =IFERROR(VLOOKUP($J$2,Aux!A:B,2,FALSE),"-") -> 17 | C70: 6 | D70: 2022 | E70: 9 | F70: ='Instrumento de Coleta'!$Q$19 -> 1174569.6
A71: =B71&"-"&C71&"-"&D71&"-"&E71 -> 17-6-2022-10 | B71: =IFERROR(VLOOKUP($J$2,Aux!A:B,2,FALSE),"-") -> 17 | C71: 6 | D71: 2022 | E71: 10 | F71: ='Instrumento de Coleta'!$R$19 -> 3187578.3
A72: =B72&"-"&C72&"-"&D72&"-"&E72 -> 17-6-2022-11 | B72: =IFERROR(VLOOKUP($J$2,Aux!A:B,2,FALSE),"-") -> 17 | C72: 6 | D72: 2022 | E72: 11 | F72: ='Instrumento de Coleta'!$S$19 -> 2744100.1
A73: =B73&"-"&C73&"-"&D73&"-"&E73 -> 17-6-2022-12 | B73: =IFERROR(VLOOKUP($J$2,Aux!A:B,2,FALSE),"-") -> 17 | C73: 6 | D73: 2022 | E73: 12 | F73: ='Instrumento de Coleta'!$T$19 -> 4253817
A74: =B74&"-"&C74&"-"&D74&"-"&E74 -> 17-7-2022-1 | B74: =IFERROR(VLOOKUP($J$2,Aux!A:B,2,FALSE),"-") -> 17 | C74: 7 | D74: 2022 | E74: 1 | F74: ='Instrumento de Coleta'!$I$22 -> 4684629.7
A75: =B75&"-"&C75&"-"&D75&"-"&E75 -> 17-7-2022-2 | B75: =IFERROR(VLOOKUP($J$2,Aux!A:B,2,FALSE),"-") -> 17 | C75: 7 | D75: 2022 | E75: 2 | F75: ='Instrumento de Coleta'!$J$22 -> 4827560.3
A76: =B76&"-"&C76&"-"&D76&"-"&E76 -> 17-7-2022-3 | B76: =IFERROR(VLOOKUP($J$2,Aux!A:B,2,FALSE),"-") -> 17 | C76: 7 | D76: 2022 | E76: 3 | F76: ='Instrumento de Coleta'!$K$22 -> 4462075.4
A77: =B77&"-"&C77&"-"&D77&"-"&E77 -> 17-7-2022-4 | B77: =IFERROR(VLOOKUP($J$2,Aux!A:B,2,FALSE),"-") -> 17 | C77: 7 | D77: 2022 | E77: 4 | F77: ='Instrumento de Coleta'!$L$22 -> 4675432.1
A78: =B78&"-"&C78&"-"&D78&"-"&E78 -> 17-7-2022-5 | B78: =IFERROR(VLOOKUP($J$2,Aux!A:B,2,FALSE),"-") -> 17 | C78: 7 | D78: 2022 | E78: 5 | F78: ='Instrumento de Coleta'!$M$22 -> 8516162.2
A79: =B79&"-"&C79&"-"&D79&"-"&E79 -> 17-7-2022-6 | B79: =IFERROR(VLOOKUP($J$2,Aux!A:B,2,FALSE),"-") -> 17 | C79: 7 | D79: 2022 | E79: 6 | F79: ='Instrumento de Coleta'!$N$22 -> 4475055.5
A80: =B80&"-"&C80&"-"&D80&"-"&E80 -> 17-7-2022-7 | B80: =IFERROR(VLOOKUP($J$2,Aux!A:B,2,FALSE),"-") -> 17 | C80: 7 | D80: 2022 | E80: 7 | F80: ='Instrumento de Coleta'!$O$22 -> 4586929.5
A81: =B81&"-"&C81&"-"&D81&"-"&E81 -> 17-7-2022-8 | B81: =IFERROR(VLOOKUP($J$2,Aux!A:B,2,FALSE),"-") -> 17 | C81: 7 | D81: 2022 | E81: 8 | F81: ='Instrumento de Coleta'!$P$22 -> 5178295.2
A82: =B82&"-"&C82&"-"&D82&"-"&E82 -> 17-7-2022-9 | B82: =IFERROR(VLOOKUP($J$2,Aux!A:B,2,FALSE),"-") -> 17 | C82: 7 | D82: 2022 | E82: 9 | F82: ='Instrumento de Coleta'!$Q$22 -> 4830044
A83: =B83&"-"&C83&"-"&D83&"-"&E83 -> 17-7-2022-10 | B83: =IFERROR(VLOOKUP($J$2,Aux!A:B,2,FALSE),"-") -> 17 | C83: 7 | D83: 2022 | E83: 10 | F83: ='Instrumento de Coleta'!$R$22 -> 5177571.7
A84: =B84&"-"&C84&"-"&D84&"-"&E84 -> 17-7-2022-11 | B84: =IFERROR(VLOOKUP($J$2,Aux!A:B,2,FALSE),"-") -> 17 | C84: 7 | D84: 2022 | E84: 11 | F84: ='Instrumento de Coleta'!$S$22 -> 5711215.5
A85: =B85&"-"&C85&"-"&D85&"-"&E85 -> 17-7-2022-12 | B85: =IFERROR(VLOOKUP($J$2,Aux!A:B,2,FALSE),"-") -> 17 | C85: 7 | D85: 2022 | E85: 12 | F85: ='Instrumento de Coleta'!$T$22 -> 6065752.6
A86: =B86&"-"&C86&"-"&D86&"-"&E86 -> 17-8-2022-1 | B86: =IFERROR(VLOOKUP($J$2,Aux!A:B,2,FALSE),"-") -> 17 | C86: 8 | D86: 2022 | E86: 1 | F86: ='Instrumento de Coleta'!$I$25 -> 179893.69
A87: =B87&"-"&C87&"-"&D87&"-"&E87 -> 17-8-2022-2 | B87: =IFERROR(VLOOKUP($J$2,Aux!A:B,2,FALSE),"-") -> 17 | C87: 8 | D87: 2022 | E87: 2 | F87: ='Instrumento de Coleta'!$J$25 -> 200074.31
A88: =B88&"-"&C88&"-"&D88&"-"&E88 -> 17-8-2022-3 | B88: =IFERROR(VLOOKUP($J$2,Aux!A:B,2,FALSE),"-") -> 17 | C88: 8 | D88: 2022 | E88: 3 | F88: ='Instrumento de Coleta'!$K$25 -> 410342.02
A89: =B89&"-"&C89&"-"&D89&"-"&E89 -> 17-8-2022-4 | B89: =IFERROR(VLOOKUP($J$2,Aux!A:B,2,FALSE),"-") -> 17 | C89: 8 | D89: 2022 | E89: 4 | F89: ='Instrumento de Coleta'!$L$25 -> 155290.32
A90: =B90&"-"&C90&"-"&D90&"-"&E90 -> 17-8-2022-5 | B90: =IFERROR(VLOOKUP($J$2,Aux!A:B,2,FALSE),"-") -> 17 | C90: 8 | D90: 2022 | E90: 5 | F90: ='Instrumento de Coleta'!$M$25 -> 131483.31
A91: =B91&"-"&C91&"-"&D91&"-"&E91 -> 17-8-2022-6 | B91: =IFERROR(VLOOKUP($J$2,Aux!A:B,2,FALSE),"-") -> 17 | C91: 8 | D91: 2022 | E91: 6 | F91: ='Instrumento de Coleta'!$N$25 -> 180741.95
A92: =B92&"-"&C92&"-"&D92&"-"&E92 -> 17-8-2022-7 | B92: =IFERROR(VLOOKUP($J$2,Aux!A:B,2,FALSE),"-") -> 17 | C92: 8 | D92: 2022 | E92: 7 | F92: ='Instrumento de Coleta'!$O$25 -> 504529
A93: =B93&"-"&C93&"-"&D93&"-"&E93 -> 17-8-2022-8 | B93: =IFERROR(VLOOKUP($J$2,Aux!A:B,2,FALSE),"-") -> 17 | C93: 8 | D93: 2022 | E93: 8 | F93: ='Instrumento de Coleta'!$P$25 -> 254540.04
A94: =B94&"-"&C94&"-"&D94&"-"&E94 -> 17-8-2022-9 | B94: =IFERROR(VLOOKUP($J$2,Aux!A:B,2,FALSE),"-") -> 17 | C94: 8 | D94: 2022 | E94: 9 | F94: ='Instrumento de Coleta'!$Q$25 -> 2267639.6
A95: =B95&"-"&C95&"-"&D95&"-"&E95 -> 17-8-2022-10 | B95: =IFERROR(VLOOKUP($J$2,Aux!A:B,2,FALSE),"-") -> 17 | C95: 8 | D95: 2022 | E95: 10 | F95: ='Instrumento de Coleta'!$R$25 -> 30170.74
A96: =B96&"-"&C96&"-"&D96&"-"&E96 -> 17-8-2022-11 | B96: =IFERROR(VLOOKUP($J$2,Aux!A:B,2,FALSE),"-") -> 17 | C96: 8 | D96: 2022 | E96: 11 | F96: ='Instrumento de Coleta'!$S$25 -> 280858.85
A97: =B97&"-"&C97&"-"&D97&"-"&E97 -> 17-8-2022-12 | B97: =IFERROR(VLOOKUP($J$2,Aux!A:B,2,FALSE),"-") -> 17 | C97: 8 | D97: 2022 | E97: 12 | F97: ='Instrumento de Coleta'!$T$25 -> 254674.07
A98: =B98&"-"&C98&"-"&D98&"-"&E98 -> 17-9-2022-1 | B98: =IFERROR(VLOOKUP($J$2,Aux!A:B,2,FALSE),"-") -> 17 | C98: 9 | D98: 2022 | E98: 1 | F98: ='Instrumento de Coleta'!$I$29 -> 3
A99: =B99&"-"&C99&"-"&D99&"-"&E99 -> 17-9-2022-2 | B99: =IFERROR(VLOOKUP($J$2,Aux!A:B,2,FALSE),"-") -> 17 | C99: 9 | D99: 2022 | E99: 2 | F99: ='Instrumento de Coleta'!$J$29 -> 3
A100: =B100&"-"&C100&"-"&D100&"-"&E100 -> 17-9-2022-3 | B100: =IFERROR(VLOOKUP($J$2,Aux!A:B,2,FALSE),"-") -> 17 | C100: 9 | D100: 2022 | E100: 3 | F100: ='Instrumento de Coleta'!$K$29 -> 4
...

Sheet Aux
A1: DEPARTAMENTOS | B1: COD_DP
A2: AC | B2: 27
A3: AL | B3: 1
A4: AM | B4: 20
A5: AP | B5: 2
A6: BA | B6: 21
A7: BR | B7: 28
A8: CE | B8: 3
A9: CO | B9: 31
A10: DF | B10: 4
A11: ES | B11: 24
A12: GO | B12: 5
A13: MA | B13: 6
... A33: TO | B33: 19
